AoeStats
← MJG01

African Clearing

504194597Analyzed
2v2 RM · 29d ago on Sep 4, 2026· 29m 57s· 4 players
Game mode
Random Map
Map size
Medium (4 player)
Population
200
Speed
Normal
Resources
Standard
Victory
Conquest
Starting age
Dark Age
Ending age
Imperial Age
RankedLock teamsTeams togetherTeam positionsShared explorationLock speedFull tech treeHidden civsTurbo modeCheats
Victory
Defeat
1194
+19
🇹🇼 Magyars · Taiwan
1141
+21
🇩🇪 Spanish · Germany
1284
-21
🇨🇭 Vikings · Switzerland
1235
-19
タシ
3:51 Loom
11:58 Feudal Age
12:32 Double-Bit Axe
20:55 Castle Age
21:17 Wheelbarrow
20:36 Horse Collar
22:31 Bloodlines
22:21 Husbandry
23:18 Fletching
23:28 Padded Archer Armor
27:36 Bodkin Arrow
27:57 Leather Archer Armor
28:46 Leather Archer Armor
30:18 Bow Saw
タタールが村に入った5番
12:46 Feudal Age
11:07 Loom
12:52 Feudal Age
14:04 Double-Bit Axe
17:14 Castle Age
17:00 Horse Collar
17:21 Town Watch
19:20 Forging
22:36 Wheelbarrow
26:36 Herbal Medicine
lagro
4:48 Loom
5:28 Loom
6:13 Loom
14:32 Feudal Age
15:06 Double-Bit Axe
15:58 Horse Collar
20:34 Castle Age
23:08 Husbandry
23:53 Fletching
29:58 Bloodlines
MJG01
12:56 Feudal Age
16:33 Loom
20:52 Horse Collar
23:16 Castle Age
23:12 Fletching
Connection lost

Rejoining the realm…

Still unreachable

The connection could not be restored.

Session expired

The server has moved on; the page needs a fresh start.